 Dungeon Crawl Stone Soup version 0.21.1-1-g345015fe64 (webtiles) character file.

511 Freyura the Shield-Bearer (level 7, -10/55 HPs)
             Began as a Formicid Fighter on May 3, 2018.
             Mangled by Duvessa
             ... wielding a +0 rapier
              (12 damage)
             ... on level 4 of the Dungeon.
             The game lasted 00:13:56 (2961 turns).

Freyura the Shield-Bearer (Formicid Fighter)        Turns: 2961, Time: 00:13:56

Health: -10/55     AC:  7    Str: 22    XL:     7   Next: 43%
Magic:  7/7        EV:  9    Int:  8    God:
Gold:   227        SH: 10    Dex: 12    Spells: 6/6 levels left

rFire    . . .     SeeInvis +   e - +0 scythe
rCold    . . .     Gourm    .   c - +0 shield
rNeg     . . .     Faith    +   b - +0 scale mail
rPois    .         Spirit   .   (helmet unavailable)
rElec    .         Reflect  .   (no cloak)
rCorr    +         Harm     .   (no gloves)
MR       .....                  (no boots)
Stlth    ..........             m - amulet of faith
HPRegen  0.18/turn              l - +2 ring of strength
MPRegen  0.10/turn              p - ring of resist corrosion

@: no status effects
A: permanent stasis, dig shafts and tunnels, four strong arms, antennae 3
a: Dig, Shaft Self


You were on level 4 of the Dungeon.
You were not hungry.

You visited 1 branch of the dungeon, and saw 4 of its levels.

You collected 227 gold pieces.

Inventory:

Hand Weapons
 a - a +0 trident
 e - a +0 scythe (weapon)
Armour
 b - a +0 scale mail (worn)
 c - a +0 shield (worn)
Jewellery
 l - a +2 ring of strength (left hand)
 m - an amulet of faith (around neck)
 p - a ring of resist corrosion (right hand)
 t - an uncursed ring of protection from magic {unknown}
Scrolls
 i - 3 scrolls of remove curse
 k - a scroll of fog {unknown}
 o - 2 scrolls of identify
 q - a scroll of enchant armour {unknown}
 r - a scroll of fear {unknown}
Potions
 d - a potion of cancellation
 g - a potion of degeneration {unknown}
 h - a potion of invisibility {unknown}
 j - 2 potions of haste {unknown}
 n - a potion of brilliance {unknown}
Books
 s - a book of Cantrips

   Spells                             Type                      Level
   a - Confusing Touch                Hexes                        1
   b - Animate Skeleton               Necromancy                   1
   c - Summon Small Mammal            Summoning                    1
   d - Apportation                    Translocation                1
Comestibles
 f - 2 rations


   Skills:
 + Level 4.6 Fighting
 * Level 4.6 Polearms
 + Level 4.6 Armour
 + Level 2.3 Dodging
 + Level 5.0 Shields


You had 6 spell levels left.
You didn't know any spells.

Dungeon Overview and Level Annotations

Branches:
Dungeon (4/15)
 Temple: D:4-7

Altars:

Annotations:
D:4 Dowan, Duvessa, Grinder


Innate Abilities, Weirdness & Mutations

You cannot be hasted, slowed, berserked, paralysed or teleported.
You can dig through walls and to a lower floor.
Your four strong arms can wield two-handed weapons with a shield.
You have a pair of large antennae on your head. (SInv)


Message History

You hit Duvessa.
Duvessa is moderately wounded.
Duvessa closely misses you. Dowan hits you but does no damage.
Grinder blinks!
Duvessa hits you with a rapier. Dowan barely misses you.
You barely miss Duvessa.
Duvessa is moderately wounded.
Duvessa hits you with a rapier! Dowan hits you but does no damage.
The worker ant barely misses you. You block Dowan's attack.
You slash Duvessa!
Duvessa is severely wounded.
Duvessa hits you with a rapier. The worker ant bites you.
* * * LOW HITPOINT WARNING * * *
Dowan hits you with a dagger.
* * * LOW HITPOINT WARNING * * *
You block the worker ant's attack. Duvessa hits you with a rapier!
* * * LOW HITPOINT WARNING * * *
The worker ant barely misses you. Dowan hits you with a dagger.
* * * LOW HITPOINT WARNING * * *
Duvessa hits you with a rapier!
You die...

# #. #.#####
#%....# #@#
#...aee....#
#....5..##.#
#........#
#####.####
#.. ... ...


You could see Grinder, Duvessa, Dowan and a worker ant.

Vanquished Creatures
  Sigmund (D:2)
  The ghost of Dommiel19 the Chucker, an amateur TeHu (D:3)
  An iguana (D:3)
  Terence (D:2)
  Natasha (thrice) (D:2)
  2 adders
  3 worms
  5 leopard geckos
  9 orcs
  A ball python (D:2)
  2 giant cockroaches
  8 goblins
  12 hobgoblins
  2 jackals (D:1)
  5 kobolds
  A quokka (D:2)
  8 bats
  2 frilled lizards (D:3)
  2 rats (D:1)
69 creatures vanquished.

Notes
Turn   | Place    | Note
-------+----------+-------------------------------------------
     0 | D:1      | Freyura the Formicid Fighter began the quest for the Orb.
     0 | D:1      | Reached XP level 1. HP: 18/18 MP: 1/1
   289 | D:1      | Reached XP level 2. HP: 24/24 MP: 2/2
   882 | D:2      | Reached XP level 3. HP: 24/29 MP: 3/3
  1009 | D:2      | Noticed Natasha
  1024 | D:2      | Killed Natasha
  1024 | D:2      | Reached skill level 4 in Shields
  1024 | D:2      | Reached XP level 4. HP: 22/37 MP: 4/4
  1030 | D:2      | Noticed Sigmund
  1051 | D:2      | Killed Sigmund
  1051 | D:2      | Reached skill level 1 in Dodging
  1051 | D:2      | Reached XP level 5. HP: 12/42 MP: 5/5
  1051 | D:2      | Reached XP level 6. HP: 14/48 MP: 6/6
  1270 | D:2      | Noticed Terence
  1284 | D:2      | Killed Terence
  1418 | D:2      | Noticed Natasha
  1423 | D:2      | Killed Natasha
  1971 | D:3      | Noticed Dommiel19's ghost (amateur TeHu)
  1982 | D:3      | Killed Dommiel19's ghost
  1982 | D:3      | Reached XP level 7. HP: 46/55 MP: 7/7
  2057 | D:3      | Reached skill level 5 in Shields
  2082 | D:2      | Noticed Natasha
  2085 | D:2      | Killed Natasha
  2952 | D:4      | Noticed Duvessa
  2952 | D:4      | Noticed Dowan
  2952 | D:4      | Noticed Grinder
  2961 | D:4      | HP: 2/55 [Dowan/dagger (1)]
  2961 | D:4      | Mangled by Duvessa

Skill      XL: |  1  2  3  4  5  6  7 |
---------------+----------------------+-----
Shields        | 4 5 |  5.0
Fighting       | 4 |  4.6
Polearms       | 3 4 |  4.6
Armour         | 4 |  4.6
Dodging        | 1 2 |  2.3

Action                   |  1- 3 |  4- 6 |  7- 9 || total
-------------------------+-------+-------+-------++-------
Melee: Trident           |    98 |    11 |       ||   109
       Scythe            |       |    58 |   123 ||   181
  Use: Scroll            |     6 |       |       ||     6
       Potion            |       |     4 |       ||     4
  Eat: Ration            |       |     1 |     2 ||     3
Armor: Scale mail        |    28 |    26 |    59 ||   113
Dodge: Dodged            |    25 |    18 |    67 ||   110
Block: Shield            |    39 |    41 |    76 ||   156
